 Dungeon Crawl Stone Soup version 0.31-a0-536-ga3e2962e35 (webtiles) character file.

Game seed: 8145333401500715530

2534 Ethylacetat the Covert (level 9, -6/63 HPs)
             Began as an Octopode Gladiator on Aug 13, 2023.
             Mangled by Duvessa
             ... wielding a +0 short sword
              (9 damage)
             ... on level 6 of the Dungeon.
             The game lasted 00:07:13 (5190 turns).

Ethylacetat the Covert (Octopode Gladiator)         Turns: 5190, Time: 00:07:14

Health: -6/63      AC:  5    Str: 14    XL:     9   Next: 55%
Magic:  9/9        EV: 17    Int: 10    God:
Gold:   374        SH:  0    Dex: 17    Spells: 8/8 levels left

rFire   + + .        i - +2 dagger (speed)
rCold   . . .        (no shield)
rNeg    . . .        b - +0 hat
rPois   +            (no amulet)
rElec   .            g - ring of protection from fire
rCorr   +            l - +4 ring of protection
SInv    .            k - ring of protection from fire
Will    .....        w - ring of poison resistance
Stlth   +++++        y - ring of resist corrosion
HPRegen 0.30/turn    (no ring)
MPRegen 0.11/turn    (no ring)
                     (no ring)

%: no passive effects
@: no status effects
A: almost no armour, amphibious, 8 rings, camouflage 1, gelatinous body 1,
(nimble swimmer 1), tentacles
a: no special abilities


You were on level 6 of the Dungeon.
You visited 1 branch of the dungeon, and saw 6 of its levels.

You collected 374 gold pieces.

Inventory:

Hand Weapons
 a - a +0 long sword
 i - a +2 dagger of speed (weapon)
Missiles
 c - 2 throwing nets (quivered)
 d - 4 javelins
Armour
 b - a +0 hat (worn)
Jewellery
 g - a ring of protection from fire (left tentacle)
 k - a ring of protection from fire (on tentacle)
 l - a +4 ring of protection (right tentacle)
 w - a ring of poison resistance (on tentacle)
 y - a ring of resist corrosion (on tentacle)
Wands
 r - a wand of quicksilver (12)
 x - a wand of flame (19)
Scrolls
 e - 3 scrolls of identify {unknown}
 h - 2 scrolls of blinking {unknown}
 m - a scroll of butterflies {unknown}
 n - a scroll of revelation {unknown}
 p - a scroll of vulnerability {unknown}
 v - a scroll of silence {unknown}
 B - a scroll of fear {unknown}
 C - a scroll of torment {unknown}
 E - a scroll of poison {unknown}
 G - a scroll of teleportation {unknown}
Potions
 f - 3 potions of curing
 j - 2 potions of lignification {unknown}
 o - a potion of attraction {unknown}
 q - a potion of invisibility {unknown}
 s - 3 potions of enlightenment {unknown}
 t - 2 potions of haste {unknown}
 u - a potion of magic {unknown}
 z - 3 potions of heal wounds {unknown}
 A - 2 potions of might {unknown}
 D - a potion of ambrosia {unknown}
 F - a potion of brilliance {unknown}
 H - a potion of degeneration {unknown}


   Skills:
 + Level 6.8 Fighting
 - Level 6.2 Long Blades
 - Level 2.0 Throwing
 + Level 7.2 Dodging
 + Level 9.3 Stealth


You had 8 spell levels left.
You didn't know any spells.
Your spell library contained the following spells:

 Spells                   Type           Power      Damage    Failure   Level
 Summon Small Mammal      Summ           0%         N/A       36%         1
 Call Canine Familiar     Summ           0%         N/A       75%         3
 Summon Guardian Golem    Hex/Summ       0%         N/A       75%         3
 Volatile Blastmotes      Fire/Tloc      0%         2d10      75%         3
 Olgreb's Toxic Radiance  Pois           0%         N/A       98%         4
 Disjunction              Tloc           0%         N/A       100%        8


Dungeon Overview and Level Annotations

Branches:
Dungeon (6/15)
 Temple: D:4-7

Altars:
Cheibriados
Dithmenos
Fedhas
Hepliaklqana
Kikubaaqudgha
Makhleb
Nemelex Xobeh
Okawaru
Qazlal
Sif Muna
Vehumet
Wu Jian
Xom

Annotations:
D:6 Duvessa


Innate Abilities, Weirdness & Mutations

You cannot wear most types of armour.
You are amphibious.
You can wear up to eight rings at the same time.
Your skin changes colour to match your surroundings (Stealth+).
Your rubbery body absorbs attacks. (AC +1, EV +1)
((You are camouflaged when in or above water. (Stealth+)))
You have tentacles for arms and can constrict up to eight enemies at once.


Message History

Duvessa is moderately wounded.
You constrict Duvessa, but do no damage.
Duvessa hits you with a +0 short sword!
Aiming: Quicksilver Bolt
Press: ? - help, Shift-Dir - straight line, f/p - Duvessa
Aim: Duvessa, wielding a +0 short sword and wearing a +0 ring mail (moderately wounded, constricted by you, berserk, 100% to hit)
The bolt of dispelling energy hits Duvessa.
Duvessa is moderately wounded.
You constrict Duvessa, but do no damage.
Duvessa misses you.
You hit Duvessa.
Duvessa is heavily wounded.
You constrict Duvessa. Duvessa hits you with a +0 short sword.
You hit Duvessa. You squeeze Duvessa, but do no damage.
Duvessa is heavily wounded.
You constrict Duvessa. Duvessa hits you with a +0 short sword!
You completely miss Duvessa.
Duvessa is heavily wounded.
You constrict Duvessa, but do no damage.
Duvessa hits you with a +0 short sword.
You hit Duvessa but do no damage.
Duvessa is heavily wounded.
You constrict Duvessa. Duvessa hits you with a +0 short sword!
You hit Duvessa but do no damage.
Duvessa is severely wounded.
You constrict Duvessa. You hit Duvessa. You squeeze Duvessa, but do no damage.
Duvessa is severely wounded.
You constrict Duvessa. Duvessa hits you with a +0 short sword!
* * * LOW HITPOINT WARNING * * *
Unknown command.
Aiming: Quicksilver Bolt
Press: ? - help, Shift-Dir - straight line, f/p - Duvessa
Aim: Duvessa, wielding a +0 short sword and wearing a +0 ring mail (severely wounded, constricted by you, berserk, 100% to hit)
The bolt of dispelling energy hits Duvessa!
Duvessa is almost dead.
You constrict Duvessa. Duvessa hits you with a +0 short sword!
* * * LOW HITPOINT WARNING * * *
Duvessa hits you with a +0 short sword!
You die...

......# ...#.###..####.# #####.#
.. #..##.#.# #.# .. #..#..#.. #.#
##. #..#.##.. #.# #.. ##.#.)##.
####.#### #)# #.####.#.†.'.
#.......# #.# #......#..##.
#.##.##.# #e# ######.#.##..
#.##.##.# #@# #.###... #.##.##.##
#.#### #....... ##.##.....#
#.##.## ##.######
##.......#######.#...####..#(...'
'.......................'..##.(..
####...#.#######.#...####..##....
# ##.##.##### #.##.## ##.####..
#........# #.#### #.######
#.##>###.# #.# #.......


You could see Duvessa (berserk).

Vanquished Creatures
  Pikel (D:5)
  The ghost of jaspen the Trooper, an amateur MiFi of Okawaru (D:5)
  Sigmund (D:2)
  Eustachio (D:6)
  A black bear (D:6)
  An ogre (D:6)
  A centaur (D:5)
  2 lemures (D:5)
  A phantom (D:5)
  A bullfrog (D:6)
  A scorpion (D:5)
  Dowan (D:6)
  6 wights (D:6)
  A howler monkey (D:6)
  4 hounds
  3 jellies
  An orc priest (D:2)
  Crazy Yiuf (D:6)
  2 sleepcaps
  3 iguanas
  Natasha (thrice) (D:4)
  An orc wizard (D:4)
  9 adders
  2 shadow imps
  A worm (D:4)
  2 dart slugs
  6 orcs
  11 ball pythons
  8 bats
  6 endoplasms
  2 giant cockroaches
  7 goblins
  6 hobgoblins
  9 kobolds
  2 quokkas
  A frilled lizard (D:3)
  8 rats
118 creatures vanquished.

Notes
Turn   | Place    | Note
-------+----------+-------------------------------------------
     0 | D:1      | Ethylacetat the Octopode Gladiator began the quest for the
                  | Orb.
     0 | D:1      | Reached XP level 1. HP: 14/14 MP: 1/1
   114 | D:1      | Reached skill level 1 in Stealth
   114 | D:1      | Reached XP level 2. HP: 19/19 MP: 2/2
   512 | D:2      | Reached XP level 3. HP: 25/25 MP: 3/3
   593 | D:2      | Reached skill level 2 in Stealth
   620 | D:2      | Reached XP level 4. HP: 17/30 MP: 4/4
   793 | D:2      | Noticed Sigmund
   802 | D:2      | Killed Sigmund
   803 | D:2      | Reached skill level 4 in Stealth
   803 | D:2      | Reached XP level 5. HP: 7/36 MP: 5/5
   803 | D:2      | Reached XP level 6. HP: 8/42 MP: 6/6
  1382 | D:3      | Got the Anthology of the Quantum Gift
  1620 | D:4      | Found a snail-covered altar of Cheibriados.
  1685 | D:4      | Found a shimmering blue altar of Sif Muna.
  1685 | D:4      | Found a hazy altar of Hepliaklqana.
  1693 | D:4      | Found a shadowy altar of Dithmenos.
  1695 | D:4      | Found a burning altar of Makhleb.
  1696 | D:4      | Found a sparkling altar of Nemelex Xobeh.
  1823 | D:4      | Found an ancient bone altar of Kikubaaqudgha.
  1823 | D:4      | Found an iron altar of Okawaru.
  2087 | D:4      | Found a stormy altar of Qazlal.
  2135 | D:4      | Noticed Natasha
  2151 | D:4      | Killed Natasha
  2363 | D:4      | Noticed Natasha
  2371 | D:4      | Killed Natasha
  2372 | D:4      | Reached XP level 7. HP: 47/47 MP: 7/7
  2716 | D:4      | Noticed Natasha
  2720 | D:4      | Killed Natasha
  2744 | D:5      | Entered Level 5 of the Dungeon
  2870 | D:5      | Reached skill level 5 in Stealth
  2995 | D:5      | Found a radiant altar of Vehumet.
  3064 | D:5      | Reached skill level 5 in Long Blades
  3138 | D:5      | Found an ornate altar of the Wu Jian Council.
  3164 | D:5      | Reached skill level 5 in Dodging
  3170 | D:5      | Found a runed translucent door.
  3347 | D:5      | Noticed Pikel
  3391 | D:5      | Killed Pikel
  3392 | D:5      | Reached skill level 5 in Fighting
  3392 | D:5      | Reached skill level 7 in Stealth
  3392 | D:5      | Reached XP level 8. HP: 27/55 MP: 8/8
  3782 | D:5      | Noticed jaspen's ghost (amateur MiFi)
  3792 | D:5      | Killed jaspen's ghost
  4088 | D:6      | Reached skill level 8 in Stealth
  4088 | D:6      | Reached XP level 9. HP: 62/62 MP: 9/9
  4090 | D:6      | Noticed Eustachio
  4134 | D:6      | Killed Eustachio
  4153 | D:6      | Found a shimmering altar of Xom.
  4645 | D:6      | Reached skill level 9 in Stealth
  4826 | D:6      | Found a blossoming altar of Fedhas.
  4850 | D:6      | Found a runed translucent door.
  4851 | D:6      | Noticed Crazy Yiuf
  4858 | D:6      | Killed Crazy Yiuf
  5172 | D:6      | Noticed Dowan
  5174 | D:6      | Noticed Duvessa
  5181 | D:6      | Killed Dowan
  5190 | D:6      | HP: 3/63 [Duvessa/+0 short sword (10)]
  5190 | D:6      | Mangled by Duvessa

Illustrated notes

Levels and vault maps discovered:
D:1:      mushboom_english_gardens, layout_basic, minmay_pentomino_t4
D:2:      layout_rooms, uniq_sigmund
D:3:      layout_rooms, chequers_jeans
D:4:      layout_loops_ring, lemuel_coloured_pillars_altar,
          gammafunk_temple_overflow_wave, mainiacjoe_overflow_24_doors,
          chequers_temple_overflow_minitemple, kennysheep_generic_room_7,
          uniq_natasha
D:5:      layout_basic, nicolae_wu_jian_wuxing_cycle, vehumet_altar_wand_db,
          ebering_ghost_reflecting_pool, uniq_pikel
D:6:      layout_loops_corners, mainiacjoe_overflow_six_doors_small,
          fedhas_altar_3, minmay_pentangle, uniq_duvessa, uniq_eustachio,
          uniq_crazy_yiuf_cottage

Skill      XL: |  1  2  3  4  5  6  7  8  9 |
---------------+----------------------------+-----
Stealth        | 1 2 4 7 8 9 |  9.3
Fighting       | 3 5 6 |  6.8
Long Blades    | 4 5 6 |  6.2
Dodging        | 4 5 6 7 |  7.2
Throwing       | |  2.0

Action                     |  1- 3 |  4- 6 |  7- 9 || total
---------------------------+-------+-------+-------++-------
  Melee: Long sword        |    31 |       |       ||    31
         Constrict         |    19 |    24 |    25 ||    68
         Tentacles         |    12 |    21 |    48 ||    81
         Dagger            |    29 |   117 |   166 ||   312
         Punch             |     1 |       |     2 ||     3
  Throw: Throwing net      |       |     2 |       ||     2
  Evoke: Wand              |       |       |    11 ||    11
    Use: Potion            |       |     1 |       ||     1
   Stab: Sleeping          |     3 |    13 |    17 ||    33
         Distracted        |     1 |       |     1 ||     2
         Held in net/web   |       |     2 |       ||     2
 Armour: Skin              |    14 |    11 |    16 ||    41
  Dodge: Dodged            |    52 |    34 |    62 ||   148

Table legend: (Time is in decaauts)
 A = Elapsed time spent in this place.
 B = Non-inter-level travel time spent in this place.
 C = Inter-level travel time spent in this place.
 D = Time resting spent in this place.
 E = Time spent auto-exploring this place.
 F = Levels seen in this place.
 G = Mean time per level.
                   A        B        C        D        E       F      G
               +--------+--------+--------+--------+--------+-----+--------+
         Total |   5058 |   4699 |    359 |      0 |   3981 |   6 |  843.0 |
       Dungeon |   5058 |   4699 |    359 |      0 |   3981 |   6 |  843.0 |
               +--------+--------+--------+--------+--------+-----+--------+

Top non-repeatable levels by time:
     D:6: 1236 daAuts
     D:4: 1141 daAuts
     D:5: 1133 daAuts
     D:2: 660 daAuts
     D:1: 498 daAuts
     D:3: 387 daAuts
